 Dungeon Crawl Stone Soup version 0.28.0-53-g5a82cb258f (webtiles) character file.

Game seed: 16392753791031667253

49 issech the Chopper (level 3, 0/33 HPs)
             Began as a Minotaur Monk on June 26, 2022.
             Slain by a goblin
             ... wielding a +0 dagger
             ... led by Robin
              (4 damage)
             ... on level 2 of the Dungeon.
             The game lasted 00:02:35 (1800 turns).

issech the Chopper (Minotaur Monk)                  Turns: 1800, Time: 00:02:36

Health: 0/33       AC:  8    Str: 15    XL:     3   Next: 51%
Magic:  2/2        EV:  7    Int:  7    God:
Gold:   105        SH:  0    Dex: 14    Spells: 2/2 levels left

rFire   . . .      SeeInvis .   p - +0 war axe
rCold   . . .      Faith    .   (no shield)
rNeg    . . .      Spirit   .   l - +0 chain mail
rPois   .          Reflect  .   (helmet restricted)
rElec   .          Harm     .   (no cloak)
rCorr   .          Rampage  .   (no gloves)
Will    .....                   (no boots)
Stlth   ..........              (no amulet)
HPRegen 0.11/turn               (no ring)
MPRegen 0.08/turn               (no ring)

@: lethally poisoned (0 -> -8)
A: horns 2, retaliatory headbutt
a: no special abilities


You were on level 2 of the Dungeon.
You visited 1 branch of the dungeon, and saw 2 of its levels.

You collected 105 gold pieces.

Inventory:

Hand Weapons
 a - a +0 hand axe
 h - a +0 hunting sling
 p - a +0 war axe (weapon)
Missiles
 g - 17 sling bullets
 i - 6 poisoned darts (quivered)
 k - 64 arrows
Armour
 b - a +0 robe
 f - a +0 leather armour
 l - a +0 chain mail (worn)
Scrolls
 d - a scroll of teleportation {unknown}
 j - a scroll of noise {unknown}
 o - a scroll of holy word {unknown}
Potions
 c - a potion of mutation {unknown}
 e - a potion of curing {unknown}
 m - a potion of flight {unknown}
 n - a potion of degeneration {unknown}


   Skills:
 + Level 4.2 Fighting
 + Level 4.5 Axes
 + Level 0.5 Armour
 + Level 3.8 Dodging
 + Level 1.7 Stealth


You had 2 spell levels left.
You didn't know any spells.
Your spell library was empty.

Dungeon Overview and Level Annotations

Branches:
Dungeon (2/15)

Altars:

Annotations:
D:2 Robin


Innate Abilities, Weirdness & Mutations

You have a pair of horns on your head.
You reflexively headbutt those who attack you in melee.


Message History

A hobgoblin comes into view.
You closely miss the goblin.
The hobgoblin shouts!
Robin throws the goblin at you! The goblin hits you with a +0 dagger.
A goblin comes into view. It is wielding a +0 club.
A hobgoblin comes into view.
The goblin hits you but does no damage. The goblin hits you with a +0 dagger.
The hobgoblin shouts!
You slash the goblin!
You kill the goblin!
You closely miss the goblin. Robin throws the goblin at you!
The goblin hits you with a +0 dagger. The goblin closely misses you.
You furiously retaliate!
You headbutt the goblin.
You kill the goblin!
You closely miss the goblin. You headbutt the goblin.
You kill the goblin!
You barely miss the goblin. The goblin hits you but does no damage.
Robin roars a battlecry!
The goblins go into a battle-frenzy!
Things that are here:
a +0 dagger; a goblin corpse You slash the goblin!
You kill the goblin!
Robin throws the goblin at you! The goblin hits you with a +0 club.
The goblin hits you but does no damage. Robin throws the goblin at you!
The goblin barely misses you. The goblin hits you with a +0 club.
You hit the goblin. Your headbutt misses the goblin.
The goblin is severely wounded.
You hit the goblin. You closely miss the goblin.
The goblin hits you with a +0 dagger. The goblin hits you with a +0 club.
The goblin hits you with a +0 dagger of venom.
You are lethally poisoned!
The goblin hits you with a +0 dagger.
* * * LOW HITPOINT WARNING * * *
The goblin completely misses you.
* * * LOW HITPOINT WARNING * * *
You feel very sick.
* * * LOW HITPOINT WARNING * * *
You feel sick. The goblin hits you with a +0 dagger.
You die...

##.#######.##.##.## #####.####
#.# ##.#.#.## #.......## #.#
##...## #.###.#.# #+#
#####.#### #.# #.#.# ...
#........# #.# #...# ....
#.###.##.# #.# ##..# .....
#.##..##.# #.###...#
......##)#.gg##.#####.##....##
......g.gg..g@................
......##.#.g.##.########.....#
..... #.##.###.# #.....# ....
#........# #....## ...
####.##### #.#### #+ #... #.#
#..#.# #.# ##.. # #.#


You could see Robin, 3 hobgoblins and 3 goblins.

Vanquished Creatures
  An adder (D:2)
  2 dart slugs
  5 endoplasms
  A giant cockroach (D:2)
  6 goblins
  2 hobgoblins (D:1)
  A kobold (D:1)
  2 quokkas (D:1)
  3 ball pythons
  5 bats
  A frilled lizard (D:1)
  3 rats (D:1)
32 creatures vanquished.

Notes
Turn   | Place    | Note
-------+----------+-------------------------------------------
     0 | D:1      | issech the Minotaur Monk began the quest for the Orb.
     0 | D:1      | Reached XP level 1. HP: 19/19 MP: 0/0
   153 | D:1      | Reached XP level 2. HP: 20/27 MP: 1/1
   853 | D:2      | Found a faded altar of an unknown god.
  1116 | D:2      | Reached XP level 3. HP: 30/33 MP: 2/2
  1789 | D:2      | Noticed Robin
  1800 | D:2      | Slain by a goblin

Illustrated notes

Levels and vault maps discovered:
D:1:      kilobyte_arrival_exit_the_forest, layout_rooms
D:2:      layout_loops_corners, ebering_ecumenical_altar_sacrificial, uniq_robin

Skill      XL: |  1  2 |
---------------+-------+-----
Axes           | 4 |  4.5
Fighting       | 4 |  4.2
Armour         | |  0.5
Dodging        | |  3.8
Stealth        | |  1.7

Action                   || total
-------------------------++-------
Melee: Hand axe          ||    50
       Headbutt          ||    10
       War axe           ||    12
Armor: Chain mail        ||    38
       Robe              ||     1
       Leather armour    ||     1
Dodge: Dodged            ||    32
